 Seeded DCSS version 0.31-a0-339-gda1cbd555d (webtiles) character file.

Game seed: 14215367866634240820 (custom seed)

13078 innerfire43 the Cleaver (level 11, -3/93 HPs)
             Began as a Demonspawn Monk on July 20, 2023.
             Was a High Priest of Wu Jian.
             Killed by nerve-wracking pain
             ... invoked by an orc priest
              (14 damage)
             ... on level 2 of the Orcish Mines.
             The game lasted 00:20:21 (7099 turns).

innerfire43 the Cleaver (Demonspawn Monk)           Turns: 7099, Time: 00:20:22

Health: -3/93      AC: 14    Str: 16    XL:     11   Next: 70%
Magic:  11/11      EV: 10    Int: 11    God:    Wu Jian [*****.]
Gold:   350        SH: 21    Dex: 16    Spells: 10/10 levels left

rFire   . . .        H - +5 broad axe (flame)
rCold   + . .        o - +3 tower shield of Inaction {rElec rC+}
rNeg    . . .        t - +4 troll leather armour {Pargi}
rPois   +            (helmet restricted)
rElec   +            (no cloak)
rCorr   .            Q - +0 pair of gloves
SInv    .            q - +3 pair of seven-league boots {Rampage+∞}
Will    .....        M - amulet of magic regeneration
Stlth   +            K - ring of poison resistance
HPRegen 1.15/turn    c - ring of flight
MPRegen 0.52/turn

%: rampage+∞
@: flying
A: horns 1, large bone plates 1, demonic guardian 2, icemail 1, condensation
shield
a: Renounce Religion, Wall Jump, Serpent's Lash, Heavenly Storm


You were on level 2 of the Orcish Mines.
You worshipped Wu Jian.
Wu Jian was extremely pleased with you.
You visited 3 branches of the dungeon, and saw 12 of its levels.
You also visited: Sewer.

You collected 1134 gold pieces.
You spent 784 gold pieces at shops.

Inventory:

Hand Weapons
 l - a +0 war axe
 H - a +5 broad axe of flaming (weapon)
Missiles
 h - 5 silver javelins (quivered)
 m - 4 throwing nets
Armour
 d - an orb of light
 e - a +0 buckler
 o - the +3 tower shield of Inaction (worn) {rElec rC+}
   (You bought it in a shop on level 2 of the Orcish Mines)

   rC:        It protects you from cold.
   rElec:     It insulates you from electricity.
 q - the +3 pair of seven-league boots (worn) {Rampage+∞}
   (You acquired it on level 4 of the Dungeon)

   Rampage+∞: When moving toward enemies, its wearer moves as far as possible,
   alerting their target en route.
 t - a +4 troll leather armour (worn) {Pargi}
 Q - a +0 pair of gloves (worn)
Jewellery
 c - a ring of flight (right hand)
 w - a ring of resist corrosion
 A - a ring of see invisible
 K - a ring of poison resistance (left hand)
 M - an amulet of magic regeneration (around neck)
Talismans
 F - a serpent talisman
Wands
 b - a wand of roots (19)
 k - a wand of polymorph (26)
 s - a wand of mindburst (18)
 C - a wand of paralysis (22)
 E - a wand of quicksilver (1)
 O - a wand of flame (29)
Scrolls
 a - a scroll of teleportation
 f - a scroll of fog
 i - a scroll of amnesia
 j - a scroll of revelation {unknown}
 n - a scroll of poison
 p - a scroll of torment {unknown}
 y - a scroll of summoning {unknown}
 z - 3 scrolls of vulnerability {unknown}
 B - a scroll of fear {unknown}
Potions
 D - 2 potions of haste
 G - a potion of attraction
 I - 3 potions of brilliance
 J - 2 potions of might
 P - 2 potions of ambrosia


   Skills:
 - Level 11.1 Fighting
 - Level 11.1 Axes
 - Level 6.2 Armour
 - Level 5.1 Dodging
 * Level 5.7 Shields


You had 10 spell levels left.
You didn't know any spells.
Your spell library contained the following spells:

 Spells                   Type           Power      Damage    Failure   Level
 Apportation              Tloc           0%         N/A       98%         1
 Necrotise                Necr           0%         1d4       98%         1
 Sandblast                Erth           0%         2d4       98%         1
 Summon Small Mammal      Summ           0%         N/A       98%         1
 Passwall                 Tmut/Erth      0%         N/A       99%         2
 Sublimation of Blood     Necr           0%         N/A       99%         2
 Gell's Gravitas          Tloc           0%         N/A       100%        3
 Stone Arrow              Conj/Erth      0%         3d7       100%        3
 Teleport Other           Tloc           0%         N/A       100%        3
 Petrify                  Tmut/Erth      0%         N/A       100%        4
 Irradiate                Conj/Tmut      0%         3d11      100%        5
 Dispersal                Tloc           0%         N/A       100%        6


Dungeon Overview and Level Annotations

Branches:
Dungeon (9/15)             Temple (1/1) D:7            Lair (0/5) D:9
    Orc (2/2) D:9             Elf (0/3) Orc:2         Sewer (visited)

Altars:
Ashenzari
Cheibriados
Dithmenos
Fedhas
Gozag
Hepliaklqana
Kikubaaqudgha
Makhleb
Nemelex Xobeh
Okawaru
Qazlal
Ru
Sif Muna
Trog
Uskayaw
Vehumet
Wu Jian
Xom
Yredelemnul

Shops:
D:4 [   D:5 *   D:7 *   D:9 !   Orc:2 [


Innate Abilities, Weirdness & Mutations

You have a pair of small horns on your head.
You are partially covered in large bone plates. (SH +4)
A demonic guardian rushes to your aid.
A meltable icy envelope protects you from harm. (AC +0)
A meltable shield of frost defends you. (SH +0)


Message History

The bolt of dispelling energy misses the orc warrior.
The bolt of dispelling energy hits the orc!
You kill the orc!
The Council accepts your kill.
An orc comes into view. It is wielding a +0 hand axe.
The orc priest barely misses your ice devil.
Your ice devil closely misses the orc priest.
Aiming: Quicksilver Bolt
Press: ? - help, Shift-Dir - straight line, p - orc warrior
Okay, then.
Aiming: Quicksilver Bolt
Press: ? - help, Shift-Dir - straight line, p - orc warrior The bolt of dispelling energy misses the orc warrior.
Your demonic guardian avoids your attack.
The bolt of dispelling energy hits the orc priest!
You kill the orc priest!
The Council accepts your kill.
You hear a shout!
An orc priest comes into view. It is wielding a +0 hand axe.
An orc priest comes into view. It is wielding a +0 club.
You slice the orc!! You burn the orc.
You kill the orc!
The Council accepts your kill.
An orc wizard comes into view. It is wielding a +0 dagger.
The orc priest invokes the aid of Beogh against you.
Beogh smites you!
* * * LOW HITPOINT WARNING * * *
A demonic guardian appears!
You slash the orc warrior! You burn the orc warrior.
The orc warrior is moderately wounded.
You feel less wooden.
Your +0 pair of gloves unmelds from your body.
The +3 pair of seven-league boots {Rampage+∞} unmelds from your body.
Your +4 troll leather armour {Pargi} unmelds from your body.
You feel ready to stride towards your foes.
Your ice devil disappears in a puff of smoke!
Your rust devil completely misses the orc warrior.
The orc priest mumbles some strange prayers to Beogh against you.
Pain shoots through your body!
You die...

...+......#..# ...##...###..#
....#.#'#....# #...###..<...#
#..........### ## ##.........#
..## ###......## ## #...#
.........####.#...##
...........##..@)...#..#.....
...........####.o))..o..#.....
........))...##4..§.o...#....
...##..)....##.....)..#..# .
##......###.#..)o....#
###.>.....#....)o)....#
........)###.....).)o.#
......#..).)))..).)#
..........))......)#


You could see an orc warrior (ally target), 2 orc priests, an orc wizard, an orc
and a friendly rust devil (summoned).

Vanquished Creatures
  Harold (Orc:1)
  An orc high priest (Orc:2)
  Pikel (D:7)
  An orc knight (Orc:1)
  An orc sorcerer (Orc:2)
  Maggie (D:7)
  4 trolls
  A hornet (D:9)
  8 yaks
  A wyvern (D:8)
  2 steam dragons
  A warg (Orc:1)
  2 water moccasins
  Duvessa (D:7)
  Pargi (Sewer)
  15 orc warriors
  2 ice beasts
  2 sky beasts
  3 black bears
  3 ogres (Orc:1)
  A centaur (D:8)
  A kobold brigand (D:8)
  A phantom (D:5)
  A bullfrog (D:9)
  3 scorpions
  A gnoll sergeant (D:9)
  7 wights (D:7)
  Dowan (D:7)
  3 killer bees (D:9)
  A howler monkey (D:9)
  4 hounds
  20 orc priests
  3 iguanas
  Terence (D:3)
  20 orc wizards
  5 gnolls
  3 adders
  2 white imps
  A worm (D:3)
  2 dart slugs
  53 orcs
  10 ball pythons
  10 endoplasms
  8 giant cockroaches
  9 goblins
  6 hobgoblins
  6 jackals (D:1)
  13 kobolds
  10 quokkas
  5 bats
  6 frilled lizards
  3 rats
272 creatures vanquished.

Vanquished Creatures (collateral kills)
  2 orc high priests (Orc:2)
  Nergalle (Orc:1)
  3 orc warriors (Orc:2)
  A wight (D:7)
  A hound (D:7)
  An orc priest (D:3)
  Ijyb (D:4)
  2 orc wizards
  An adder (D:5)
  3 gnolls (D:2)
  A worm (D:2)
  2 orcs (D:3)
  A kobold (D:4)
  A rat (D:2)
21 creatures vanquished.

Vanquished Creatures (others)
  An orc priest (Orc:1)
1 creature vanquished.

Grand Total: 294 creatures vanquished

Notes
Turn   | Place    | Note
-------+----------+-------------------------------------------
     0 | D:1      | innerfire43 the Demonspawn Monk began the quest for the
                  | Orb.
     0 | D:1      | Reached XP level 1. HP: 18/18 MP: 1/1
    52 | D:1      | Gained mutation: A weak demonic guardian rushes to your
                  | aid. [demonic ancestry]
    52 | D:1      | Reached XP level 2. HP: 13/24 MP: 2/2
   453 | D:1      | Reached XP level 3. HP: 28/29 MP: 3/3
  1379 | D:2      | Gained mutation: A demonic guardian rushes to your aid.
                  | [demonic ancestry]
  1379 | D:2      | Reached XP level 4. HP: 27/35 MP: 4/4
  1593 | D:3      | Reached XP level 5. HP: 11/42 MP: 5/5
  1999 | D:3      | Noticed Terence
  2010 | D:3      | Killed Terence
  2361 | D:4      | Found Junwutirr's Armour Shoppe.
  2412 | D:4      | Noticed a black bear
  2418 | D:4      | Killed a black bear
  2419 | D:4      | Reached XP level 6. HP: 33/48 MP: 6/6
  2494 | D:4      | Found a glowing drain.
  2507 | Sewer    | Entered a sewer
  2544 | Sewer    | Noticed Pargi
  2550 | Sewer    | Killed Pargi
  2551 | Sewer    | Reached skill level 5 in Axes
  2806 | D:4      | Noticed Ijyb
  2822 | D:4      | Killed Ijyb
  3066 | D:4      | Gained mutation: A meltable shield of frost defends you.
                  | (SH +0) [demonic ancestry]
  3066 | D:4      | Reached XP level 7. HP: 55/55 MP: 7/7
  3352 | D:4      | Identified a scroll of acquirement
  3352 | D:4      | Acquired the +3 pair of seven-league boots {Rampage+∞}
  3352 | D:4      | Found the +3 pair of seven-league boots {Rampage+∞}
  3416 | D:5      | Entered Level 5 of the Dungeon
  3435 | D:5      | Found Ucuimn's Serpentskin Sales.
  3449 | D:5      | Reached skill level 5 in Fighting
  3774 | D:5      | Reached skill level 5 in Dodging
  3774 | D:5      | Gained mutation: You are partially covered in large bone
                  | plates. (SH +4) [demonic ancestry]
  3774 | D:5      | Reached XP level 8. HP: 48/63 MP: 8/8
  4307 | D:6      | Identified the +1 long sword "Demon's Foe" {pain, *Slow
                  | rPois Str-4 Int+5}
  4617 | D:7      | Found Jeemya's Assorted Antiques.
  4626 | D:7      | Bought a glowing broad axe for 217 gold pieces
  4673 | D:7      | Noticed Maggie
  4677 | D:7      | Killed Maggie
  4737 | D:7      | Gained mutation: You have a pair of small horns on your
                  | head. [demonic ancestry]
  4737 | D:7      | Reached XP level 9. HP: 40/72 MP: 9/9
  4796 | D:7      | Noticed Dowan
  4797 | D:7      | Noticed Duvessa
  4805 | D:7      | Killed Duvessa
  4813 | D:7      | Killed Dowan
  4819 | D:7      | Found a staircase to the Ecumenical Temple.
  5061 | D:7      | Noticed Pikel
  5067 | D:7      | Killed Pikel
  5224 | Temple   | Entered the Ecumenical Temple
  5248 | Temple   | Became a worshipper of the Wu Jian Council
  5248 | Temple   | Reached * piety under Wu Jian
  5248 | Temple   | Reached ** piety under Wu Jian
  5303 | D:8      | Gained mutation: A meltable icy envelope protects you from
                  | harm. (AC +0) [demonic ancestry]
  5303 | D:8      | Reached XP level 10. HP: 83/83 MP: 10/10
  5312 | D:8      | Reached skill level 10 in Axes
  5458 | D:8      | Reached skill level 10 in Fighting
  5782 | D:9      | Found a sacrificial altar of Ru.
  5785 | D:9      | Found an ancient bone altar of Kikubaaqudgha.
  5785 | D:9      | Found a hide-covered altar of Uskayaw.
  5786 | D:9      | Found a sparkling altar of Nemelex Xobeh.
  5786 | D:9      | Found a basalt altar of Yredelemnul.
  5805 | D:9      | Reached *** piety under Wu Jian
  5846 | D:9      | Found a staircase to the Lair.
  5861 | D:9      | Reached skill level 1 in Armour
  6258 | D:9      | Found a staircase to the Orcish Mines.
  6311 | D:9      | Found Luocluk's Distillery.
  6355 | Orc:1    | Entered Level 1 of the Orcish Mines
  6411 | Orc:1    | Noticed Nergalle
  6426 | Orc:1    | Killed Nergalle
  6536 | Orc:1    | Noticed an orc knight
  6539 | Orc:1    | Noticed Harold
  6540 | Orc:1    | Reached **** piety under Wu Jian
  6545 | Orc:1    | Reached skill level 5 in Armour
  6545 | Orc:1    | Reached XP level 11. HP: 92/92 MP: 11/11
  6558 | Orc:1    | Killed an orc knight
  6560 | Orc:1    | Killed Harold
  6783 | Orc:2    | Entered Level 2 of the Orcish Mines
  7002 | Orc:2    | Found Xahass's Armour Emporium.
  7007 | Orc:2    | Bought the +3 tower shield of Inaction {rElec rC+} for 567
                  | gold pieces
  7024 | Orc:2    | Found a staircase to the Elven Halls.
  7037 | Orc:2    | Reached skill level 1 in Shields
  7052 | Orc:2    | Noticed an orc high priest
  7053 | Orc:2    | Noticed an orc high priest
  7056 | Orc:2    | Reached ***** piety under Wu Jian
  7078 | Orc:2    | Killed an orc high priest
  7079 | Orc:2    | Noticed an orc high priest
  7085 | Orc:2    | Killed an orc high priest
  7086 | Orc:2    | Noticed an orc sorcerer
  7086 | Orc:2    | Killed an orc high priest
  7087 | Orc:2    | Reached skill level 5 in Shields
  7087 | Orc:2    | Paralysed by an orc sorcerer for 3 turns
  7092 | Orc:2    | Killed an orc sorcerer
  7099 | Orc:2    | Killed from afar by an orc priest

Illustrated notes

Levels and vault maps discovered:
D:1:      dpeg_arrival_castle, layout_basic, serial_forest,
          infiniplex_forest_straight_2, infiniplex_forest_straight_3,
          infiniplex_forest_clump_double, infiniplex_forest_lined_1,
          infiniplex_forest_clump_small, infiniplex_forest_straight_2,
          infiniplex_forest_lined_3_way
D:2:      layout_rooms
D:3:      layout_basic, general_overflow_altar, uniq_terence
D:4:      minmay_chambers_of_fours, layout_loops_ring, gup_sewer_entry_pipe,
          serial_shops, shop, uniq_ijyb
D:5:      layout_basic, guppyfry_shop_venom
D:6:      layout_rooms
D:7:      layout_rooms, minmay_temple_entry_hall, serial_shops,
          nicolae_shop_overgrown_old_shop, uniq_pikel, uniq_maggie, uniq_duvessa
D:8:      layout_cave_pools
D:9:      layout_basic, grunt_temple_overflow_open, lair_entry_dummy,
          serial_shops, shop
Temple:   nicolae_temple_elliptical
Orc:1:    layout_caves, uniq_nergalle, uniq_harold
Orc:2:    st_orc_mages, layout_diamond_mine, serial_shops,
          nicolae_shop_rolling_square

Skill      XL: |  1  2  3  4  5  6  7  8  9 10 11 |
---------------+----------------------------------+-----
Axes           | 3 4 5 6 8 9 10 11 | 11.1
Dodging        | 3 4 5 |  5.1
Fighting       | 4 5 7 9 10 11 | 11.1
Armour         | 5 6 |  6.2
Shields        | 5 |  5.7

Action                     |  1- 3 |  4- 6 |  7- 9 | 10-12 || total
---------------------------+-------+-------+-------+-------++-------
  Melee: Hand axe          |    95 |    33 |       |       ||   128
         War axe           |       |    98 |   109 |       ||   207
         Broad axe         |       |       |    63 |   234 ||   297
         Unarmed           |       |       |     8 |       ||     8
         Headbutt          |       |       |    10 |    56 ||    66
  Throw: Javelin           |     1 |     2 |       |       ||     3
Ability: Whirlwind         |       |       |       |    20 ||    20
  Evoke: Wand              |       |       |       |    18 ||    18
    Use: Potion            |       |     1 |     1 |     8 ||    10
         Scroll            |       |     4 |     1 |    18 ||    23
   Stab: Distracted        |       |       |     1 |       ||     1
 Armour: Robe              |    19 |    34 |       |       ||    53
         Troll leather arm |       |    22 |    71 |    80 ||   173
         Skin              |       |       |     1 |     2 ||     3
  Dodge: Dodged            |    88 |    93 |   126 |   105 ||   412
  Block: Orb               |       |       |    49 |    86 ||   135
         Other             |       |       |     1 |       ||     1
         Tower shield      |       |       |       |    56 ||    56

Table legend: (Time is in decaauts)
 A = Elapsed time spent in this place.
 B = Non-inter-level travel time spent in this place.
 C = Inter-level travel time spent in this place.
 D = Time resting spent in this place.
 E = Time spent auto-exploring this place.
 F = Levels seen in this place.
 G = Mean time per level.
                   A        B        C        D        E       F      G
               +--------+--------+--------+--------+--------+-----+--------+
         Total |   7216 |   6630 |    586 |      0 |   5010 |  13 |  555.1 |
       Dungeon |   6208 |   5681 |    527 |      0 |   4383 |   9 |  689.8 |
        Temple |     47 |      2 |     45 |      0 |      0 |   1 |   47.0 |
  Orcish Mines |    772 |    758 |     14 |      0 |    494 |   2 |  386.0 |
         Sewer |    188 |    188 |      0 |      0 |    133 |   1 |  188.0 |
               +--------+--------+--------+--------+--------+-----+--------+

Top non-repeatable levels by time:
     D:1: 1034 daAuts
     D:4: 920 daAuts
     D:3: 883 daAuts
     D:5: 752 daAuts
     D:7: 632 daAuts
     D:9: 597 daAuts
     D:8: 475 daAuts
     D:6: 465 daAuts
     D:2: 447 daAuts
   Orc:1: 437 daAuts
   Orc:2: 334 daAuts
   Sewer: 188 daAuts
  Temple: 47 daAuts
